Map: Lerilak Crest

Players

Lambo - Winner!

  • Race: Zerg Zerg
  • League: Grandmaster

yingyang

  • Race: Protoss Protoss
  • League: Grandmaster

Event: DreamHack ZOWIE Open Leipzig

VOD

Have the link to the VOD?

Description

Time

  • Played on: Jan. 22, 2016, 8:49 a.m.
  • Length: 10:25

All games in this series

Show
View Real Time Build Order
Export as new Build Order

Lambo Zerg - Winner!

Build Orders: Hatch First 

Get SALT Encoding   

  12  0:01  Drone  
  13  0:12  Overlord  
  13  0:18  Drone  
  14  0:30  Drone  
  14  0:31  Drone  
  14  0:34  Drone  
  17  0:52  Hatchery  
  17  0:55  Drone  
  17  0:58  Drone  
  18  1:08  Extractor  
  17  1:13  Spawning Pool  
  17  1:15  Drone  
  17  1:19  Drone  
  18  1:27  Drone  
  19  1:39  Overlord  
  19  1:49  Drone  
  20  2:03  Queen x2  
  20  2:04  Zergling x4  
  26  2:11  Metabolic Boost  
  26  2:15  Zergling x2  
  26  2:16  Zergling x2  
  26  2:21  Overlord  
  28  2:33  Zergling x4  
  30  2:38  Overlord  
  30  2:46  Hatchery  
  30  2:49  Drone x2  
  29  3:01  Zergling x4  
  31  3:10  Drone x2  
  33  3:13  Drone x4  
  33  3:16  Drone  
  33  3:18  Drone  
  39  3:22  Drone  
  40  3:29  Drone x2  
  41  3:38  Spore Crawler  
  41  3:39  Spore Crawler  
  39  3:47  Drone x7  
  46  3:55  Roach Warren, Drone  
  46  3:59  Queen  
  47  4:04  Drone, Extractor  
  47  4:13  Drone x4  
  47  4:16  Spore Crawler  
  50  4:26  Drone x3  
  52  4:31  Overlord  
  52  4:33  Zergling x4  
  52  4:34  Zergling x4  
  56  4:40  Drone  
  56  4:43  Lair  
  57  4:49  Spore Crawler  
  56  4:56  Spore Crawler  
  56  4:57  Drone x3  
  56  4:59  Spore Crawler  
  57  5:01  Spore Crawler, Drone x2  
  57  5:04  Overlord x2  
  58  5:20  Overlord  
  58  5:24  Zergling x20  
  67  5:28  Drone  
  67  5:32  Extractor  
  67  5:35  Drone, Extractor  
  67  5:40  Overseer  
  67  5:41  Pneumatized Carapace  
  67  5:43  Drone x4, Glial Reconstitution  
  67  5:47  Drone x4  
  67  5:49  Evolution Chamber  
  74  5:56  Drone x4  
  78  6:04  Overseer  
  78  6:07  Drone x4  
  78  6:10  Extractor  
  81  6:11  Overlord  
  81  6:23  Overlord  
  81  6:31  Roach x4  
  81  6:32  Overlord  
  89  6:33  Zerg Missile Weapons Level 1  
  89  6:39  Overlord x2  
  89  6:46  Roach x4  
  95  7:01  Roach x9  
  111  7:07  Roach x4  
  118  7:12  Roach  
  120  7:18  Roach  
  120  7:19  Roach x3  
  112  7:27  Overlord  
  112  7:29  Roach x2  
  105  7:36  Overseer  
  105  7:38  Roach x7  
  105  7:41  Spire  
  105  7:42  Roach, Extractor  
  105  7:43  Roach  
  121  7:45  Overlord x2  
  121  7:54  Overlord x2  
  121  8:00  Drone  
  121  8:05  Hydralisk Den  
  121  8:08  Drone x4  
  121  8:09  Drone x4  
  129  8:16  Hatchery  
  119  8:44  Drone x4  
  119  8:48  Muscular Augments  
  122  8:53  Zergling x2  
  123  8:57  Mutalisk x6  
  123  8:58  Mutalisk x2  
  123  9:01  Overlord  
  139  9:02  Overseer  
  139  9:07  Overlord  
  139  9:08  Hydralisk x3  
  145  9:10  Overlord  
  145  9:13  Hydralisk x2  
  145  9:14  Extractor x2  
  147  9:19  Hydralisk x2  
  151  9:29  Overlord  
  151  9:32  Hydralisk x4  
  151  9:35  Hydralisk  
  160  9:40  Roach x3  
  160  9:45  Roach x4  
  173  9:51  Hydralisk x2  
  177  9:58  Hydralisk  
  177  9:59  Hydralisk x3  
Show
View Real Time Build Order
Export as new Build Order

yingyang Protoss 

Build Orders: Zealot Archon, Dark Templar Rush 

Get SALT Encoding   

  12  0:01  Probe (Chrono Boost)  
  13  0:11  Probe (Chrono Boost)  
  14  0:19  Pylon  
  14  0:22  Probe (Chrono Boost)  
  15  0:37  Probe (Chrono Boost)  
  15  0:38  Gateway  
  16  0:47  Probe (Chrono Boost)  
  16  0:49  Assimilator  
  17  0:53  Assimilator  
  17  0:58  Probe (Chrono Boost)  
  18  1:08  Probe (Chrono Boost)  
  19  1:11  Gateway  
  19  1:19  Probe (Chrono Boost)  
  20  1:26  Cybernetics Core  
  20  1:30  Probe (Chrono Boost)  
  21  1:40  Pylon  
  21  1:41  Probe (Chrono Boost)  
  22  1:52  Probe (Chrono Boost)  
  23  2:02  Adept x2  
  23  2:03  Warp Gate (Chrono Boost)  
  27  2:11  Mothership Core (Chrono Boost)  
  29  2:24  Twilight Council  
  29  2:47  Nexus  
  29  3:00  Pylon  
  29  3:02  Pylon  
  25  3:11  Dark Shrine  
  25  3:17  Sentry  
  25  3:18  Probe  
  28  3:30  Pylon  
  28  3:31  Probe  
  29  3:43  Probe (Chrono Boost)  
  29  3:44  Pylon  
  30  3:55  Probe (Chrono Boost)  
  31  4:00  Probe (Chrono Boost)  
  32  4:03  Gateway  
  32  4:05  Probe (Chrono Boost)  
  33  4:11  Probe (Chrono Boost)  
  33  4:16  Probe (Chrono Boost)  
  35  4:21  Probe (Chrono Boost)  
  35  4:26  Dark Templar x2  
  35  4:27  Probe (Chrono Boost)  
  40  4:32  Probe (Chrono Boost)  
  40  4:37  Probe (Chrono Boost)  
  42  4:41  Robotics Facility  
  42  4:42  Probe (Chrono Boost)  
  43  4:48  Probe (Chrono Boost)  
  44  4:55  Probe (Chrono Boost)  
  44  4:58  Probe (Chrono Boost)  
  44  4:59  Dark Templar  
  48  5:01  Assimilator  
  48  5:06  Probe (Chrono Boost), Pylon  
  49  5:09  Probe (Chrono Boost)  
  50  5:16  Probe (Chrono Boost)  
  50  5:19  Probe (Chrono Boost)  
  52  5:27  Probe (Chrono Boost)  
  53  5:30  Probe (Chrono Boost)  
  53  5:33  Assimilator  
  53  5:34  Immortal (Chrono Boost)  
  53  5:35  Charge (Chrono Boost)  
  58  5:36  Probe  
  58  5:41  Probe  
  60  5:45  Zealot x2  
  60  5:46  Pylon  
  60  5:47  Probe  
  65  5:53  Probe  
  65  5:58  Probe  
  65  5:59  Pylon  
  66  6:05  Probe  
  66  6:06  Gateway  
  66  6:08  Probe  
  66  6:09  Immortal (Chrono Boost)  
  72  6:29  Zealot  
  72  6:30  Probe, Zealot x2  
  72  6:31  Probe  
  80  6:37  Forge  
  80  6:41  Archon  
  80  6:43  Immortal  
  80  6:46  Pylon  
  84  6:50  Nexus  
  83  6:54  Probe  
  82  7:04  Zealot  
  82  7:08  Zealot x2  
  86  7:09  Probe, Nexus  
  86  7:10  Probe  
  86  7:12  Pylon  
  90  7:19  Zealot  
  92  7:27  Probe  
  92  7:28  Probe  
  94  7:33  Immortal, Pylon  
  98  7:38  Protoss Ground Weapons Level 1  
  98  7:41  Probe  
  98  7:42  Templar Archives  
  98  7:43  Pylon  
  99  7:49  Zealot  
  101  7:53  Sentry x3  
  101  7:56  Probe  
  101  7:57  Probe  
  105  8:04  Gateway  
  105  8:06  Probe  
  105  8:09  Probe  
  105  8:10  Dark Templar  
  113  8:16  Gateway  
  113  8:24  Zealot x2  
  113  8:25  Zealot  
  119  8:27  Probe  
  119  8:29  Probe  
  119  8:30  Probe  
  119  8:33  Gateway  
  122  8:35  Immortal (Chrono Boost)  
  122  8:45  High Templar x4  
  128  8:49  Archon x2  
  128  8:53  Probe x2, Photon Cannon  
  128  8:54  Probe  
  131  8:57  Photon Cannon  
  131  9:03  Probe x2  
  131  9:07  Assimilator  
  133  9:12  Assimilator  
  133  9:13  Pylon  
  133  9:14  Pylon  
  133  9:16  Pylon  
  133  9:18  Pylon  
  133  9:30  Probe  
  133  9:31  Probe  
  133  9:32  Observer  
  133  9:35  Stalker x4, Pylon  
  133  9:38  Stalker x3  
  149  9:59  Stalker x4  
  114  10:19  Stalker x3  

Tags
 
Add a new tag
Caveats
  • Supply blocks, unpowered buildings, or Contaminate may cause inaccurate times.
  • Supply counts are checked every 10 seconds.